 Dungeon Crawl Stone Soup version 0.16.2-12-gd0ad4c3 (webtiles) character file.

7116 Ishikawa the Thaumaturge (level 10, -6/70 HPs)
             Began as a Mummy Wizard on Oct 30, 2015.
             Was an Elder of Sif Muna.
             Mangled by a five-headed hydra (17 damage)
             ... on level 11 of the Dungeon.
             The game lasted 00:59:26 (10113 turns).

Ishikawa the Thaumaturge (Mummy Wizard)            Turns: 10113, Time: 00:59:26

Health: -6/70      AC:  4    Str: 12    XL:     10   Next: 85%
Magic:  12/26      EV: 12    Int: 20    God:    Sif Muna [****..]
Gold:   781        SH:  0    Dex: 10    Spells: 7 memorised, 6 levels left

rFire  + . .     SeeInvis .     Q - +7 mace of Law {pain, rElec rF+ rC+ Str+2}
rCold  + + .     Clarity  .     a - +0 robe
rNeg   + + +     SustAb   .     (no shield)
rPois  ∞         Gourm    .     J - +1 hat
rElec  +         Spirit   .     i - +0 cloak
rCorr  .         Warding  .     (no gloves)
rMut   .         Stasis   .     (no boots)
MR     +....                    f - amulet of regeneration
Stlth  ++........               C - ring of teleport control
                                d - ring of protection from fire

@: somewhat resistant to hostile enchantments, unstealthy
A: no food or potions, fire vulnerability, restore body, cold resistance 1,
negative energy resistance 3, poison resistance, torment resistance, unbreathing
a: Channel Energy, Forget Spell, Renounce Religion, Evoke Teleport Control


You were on level 11 of the Dungeon.
You worshipped Sif Muna.
Sif Muna was greatly pleased with you.
You were not hungry.

You visited 2 branches of the dungeon, and saw 12 of its levels.
You also visited: Ossuary.

You collected 781 gold pieces.

Inventory:

Hand weapons
 y - a +2 mace of freezing
 K - a +0 whip of flaming
 Q - the +7 mace of Law (weapon) {pain, rElec rF+ rC+ Str+2}
   (You found it on level 8 of the Dungeon)

   In the hands of one skilled in necromantic magic, it inflicts extra damage on
   living creatures.
   It affects your strength (+2).
   It protects you from fire.
   It protects you from cold.
   It insulates you from electricity.
Armour
 a - a +0 robe (worn)
 b - a +0 hat
 i - a +0 cloak (worn)
 B - a cursed +1 plate armour of poison resistance
 H - a +0 leather armour of poison resistance
 J - a +1 hat (worn)
 L - a +0 robe of resistance
 P - a +0 hat
Jewellery
 d - a ring of protection from fire (left hand)
 f - an amulet of regeneration (around neck)
 q - a cursed amulet of resist corrosion {unknown}
 C - a ring of teleport control (right hand)
 E - a +2 ring of strength
Magical devices
 s - a wand of paralysis (14)
 w - a wand of random effects (19)
 F - a wand of cold (1)
 G - a wand of random effects (21)
 M - a wand of teleportation (1)
 N - a wand of fire (11)
 O - a wand of lightning (3)
Scrolls
 e - 2 scrolls of noise {unknown}
 g - 7 scrolls of identify
 h - 2 scrolls of fear
 k - 2 scrolls of blinking {unknown}
 l - a scroll of amnesia {unknown}
 m - 4 scrolls of teleportation {unknown}
 p - a scroll of enchant armour {unknown}
 r - 7 scrolls of remove curse
 t - a scroll of vulnerability {unknown}
 u - 2 scrolls of recharging {unknown}
 v - 2 scrolls of fog {unknown}
 A - a scroll of random uselessness {unknown}
 D - a scroll of magic mapping {unknown}
 I - a scroll of brand weapon {unknown}
Books
 c - a book of Minor Magic

   Spells                             Type                      Level
   a - Magic Dart                     Conjuration                  1
   b - Blink                          Translocation                2
   c - Call Imp                       Summoning                    2
   d - Repel Missiles                 Charms/Air                   2
   e - Slow                           Hexes                        2
   f - Conjure Flame                  Conjuration/Fire             3
   g - Mephitic Cloud                 Conjuration/Poison/Air       3
 n - a book of Clouds

   Spells                             Type                      Level
   a - Mephitic Cloud                 Conjuration/Poison/Air       3
   b - Conjure Flame                  Conjuration/Fire             3
   c - Poisonous Cloud                Conjuration/Poison/Air       6
   d - Freezing Cloud                 Conjuration/Ice/Air          6
   e - Ring of Flames                 Charms/Fire                  7
 x - the Grimoire of Creative Transmutation
   (You found it on level 5 of the Dungeon)

   Spells                             Type                      Level
   a - Beastly Appendage              Transmutation                1
   b - Abjuration                     Summoning                    3
   c - Call Canine Familiar           Summoning                    3
   d - Hydra Form                     Transmutation                6
   e - Dragon Form                    Transmutation                7
 z - a book of Power

   Spells                             Type                      Level
   a - Fulminant Prism                Conjuration/Hexes            4
   b - Iskenderun's Mystic Blast      Conjuration                  4
   c - Venom Bolt                     Conjuration/Poison           5
   d - Bolt of Magma                  Conjuration/Fire/Earth       5
   e - Iron Shot                      Conjuration/Earth            6
   f - Orb of Destruction             Conjuration                  7
   g - Spellforged Servitor           Conjuration/Summoning        7


   Skills:
 - Level 3.0 Fighting
 - Level 1.5 Dodging
 - Level 1.5 Stealth
 + Level 8.0 Spellcasting
 + Level 6.7 Conjurations
 - Level 3.1 Charms
 - Level 3.1 Summonings
 + Level 3.1 Translocations
 + Level 2.6 Ice Magic
 + Level 5.2 Air Magic
 - Level 4.2 Poison Magic
 - Level 3.0 Invocations


You had 6 spell levels left.
You knew the following spells:

 Your Spells              Type           Power        Failure   Level  Hunger
a - Magic Dart            Conj           ####         1%          1    N/A
b - Call Imp              Summ           ###.....     3%          2    N/A
c - Mephitic Cloud        Conj/Pois/Air  ####....     3%          3    N/A
d - Conjure Flame         Conj/Fire      ###.....     10%         3    N/A
e - Blink                 Tloc           N/A          3%          2    N/A
f - Repel Missiles        Chrm/Air       ###...       2%          2    N/A
g - Freezing Cloud        Conj/Ice/Air   ####......   99%         6    N/A

Dungeon Overview and Level Annotations

Branches:
Dungeon (11/15)            Temple (1/1) D:6
   Lair: D:8-11         Orc: D:9-12

Altars:
Ashenzari
Cheibriados
Dithmenos
Elyvilon
Fedhas
Gozag
Kikubaaqudgha
Makhleb
Nemelex Xobeh
Okawaru
Qazlal
Ru
Sif Muna
Trog
Vehumet
Xom
Yredelemnul
Zin
The Shining One
Beogh

Shops:
D:7 [

Annotations:
D:7 Joseph


Innate Abilities, Weirdness & Mutations

You do not eat or drink.
Your flesh is vulnerable to fire.
Your flesh is cold resistant.
You are immune to negative energy.
Your system is resistant to poisons.
You are immune to unholy pain and torment.
You can survive without breathing.


Message History

Read which item? (? for menu, Esc to quit)
Okay, then.
The orc priest mumbles some strange prayers to Beogh against you.
Something smites you!
Casting: Conjure Flame
Confirm with . or Enter, or press ? or * to list all spells.
Aiming: Conjure Flame
Press: ? - help, Dir - move target cursor The fire roars!
You sock the five-headed hydra!
The five-headed hydra is moderately wounded.
The orc priest invokes the aid of Beogh against you.
Something smites you!
The five-headed hydra is engulfed in roaring flames.
The five-headed hydra bites you.
* * * LOW HITPOINT WARNING * * *
The five-headed hydra bites you!
* * * LOW HITPOINT WARNING * * *
The five-headed hydra bites you!
You die...

#..
##.....§........
##..##.......#
###.........)o##
..............o#
........<......#
.....##.####...#
... ## ##oh#
#.D## #..##@#
### ###


You could see a five-headed hydra, a warg, an orc warrior, an orc priest and an
orc.

Vanquished Creatures
  A hill giant (D:10)
  Pikel (D:7)
  A merfolk (D:10)
  4 yaks (D:10)
  A vampire mosquito (D:8)
  Eustachio (D:7)
  2 wolves (D:9)
  Grum (D:9)
  4 orc warriors
  4 sky beasts
  2 phantoms
  6 ogres
  Duvessa (D:4)
  5 centaurs
  4 giant frogs
  4 scorpions
  13 killer bees
  Dowan (D:4)
  4 crimson imps
  A wight (D:5)
  3 giant frog zombies (D:5)
  3 goliath beetles
  2 giant frog skeletons
  4 orc priests
  A gnoll shaman (D:7)
  5 hounds
  2 jellies
  An iron imp (D:5)
  10 orc wizards
  Natasha (thrice) (D:4)
  2 iguanas
  9 worker ants
  A hound zombie (D:8)
  A mummy (Ossuary)
  Robin (D:4)
  5 gnolls
  7 adders
  3 giant mites
  4 oozes
  62 orcs
  11 bats
  5 giant cockroaches
  15 hobgoblins
  6 jackals
  3 ball pythons
  5 giant geckos
  12 giant newts
  3 giant spores (D:9)
  3 gnoll skeletons (Ossuary)
  18 goblins
  2 goblin skeletons (Ossuary)
  6 goblin zombies (Ossuary)
  A hobgoblin skeleton (Ossuary)
  A jackal skeleton (D:9)
  A jackal zombie (D:4)
  15 kobolds
  An orc skeleton (Ossuary)
  2 orc zombies
  4 quokkas
  14 rats
  4 rat zombies
  7 ballistomycetes
329 creatures vanquished.

Vanquished Creatures (collateral kills)
  A giant orange brain (D:8)
  Menkaure (Ossuary)
  A centaur (D:7)
  A killer bee (D:10)
  A jelly (D:5)
  A crimson imp (D:9)
  A giant frog skeleton (D:4)
  3 mummies
  3 gnolls
  2 adders (D:4)
  2 river rats (D:7)
  2 worms (D:3)
  An adder skeleton (D:7)
  5 orcs (D:4)
  A hobgoblin (D:3)
  2 jackals (D:1)
  2 kobolds
  2 bats (D:7)
  A gnoll skeleton (Ossuary)
  A goblin (D:4)
  An orc skeleton (Ossuary)
  A rat (D:7)
36 creatures vanquished.

Vanquished Creatures (others)
  A slave (D:7)
  11 crimson imps
  An iguana (D:4)
  A worker ant (D:7)
  An iron imp (Ossuary)
  6 white imps
  4 shadow imps
  A gnoll zombie (Ossuary)
  A giant spore (D:10)
  4 gnoll skeletons (Ossuary)
  5 goblin skeletons (Ossuary)
  A goblin zombie (Ossuary)
  2 hobgoblin skeletons (Ossuary)
  5 hobgoblin zombies (Ossuary)
  2 kobold zombies (Ossuary)
  3 orc skeletons (Ossuary)
  3 orc zombies (Ossuary)
  2 rat skeletons (Ossuary)
  3 rat zombies (Ossuary)
57 creatures vanquished.

Grand Total: 422 creatures vanquished

Notes
Turn   | Place    | Note
--------------------------------------------------------------
     0 | D:1      | Ishikawa, the Mummy Wizard, began the quest for the Orb.
     0 | D:1      | Reached XP level 1. HP: 13/13 MP: 4/4
   139 | D:1      | Reached skill level 1 in Conjurations
   311 | D:1      | Reached XP level 2. HP: 20/20 MP: 4/6
   315 | D:1      | Learned a level 2 spell: Call Imp
   327 | D:1      | Reached skill level 1 in Fighting
   726 | D:1      | Reached XP level 3. HP: 26/26 MP: 8/8
   731 | D:1      | Learned a level 3 spell: Mephitic Cloud
  1395 | D:3      | Reached XP level 4. HP: 33/33 MP: 5/9
  1671 | D:3      | Learned a level 3 spell: Conjure Flame
  2034 | D:4      | Reached skill level 1 in Air Magic
  2040 | D:4      | Noticed Robin
  2052 | D:4      | Reached skill level 1 in Poison Magic
  2198 | D:4      | Reached XP level 5. HP: 12/38 MP: 0/11
  2453 | D:4      | Noticed a phantom
  2482 | D:4      | Killed a phantom
  2507 | D:4      | Found a burning altar of Makhleb.
  2508 | D:4      | Noticed a green death
  2509 | D:4      | Found a glowing silver altar of Zin.
  2509 | D:4      | Noticed Natasha
  2510 | D:4      | Noticed an angel
  2528 | D:4      | Killed Natasha
  2528 | D:4      | Reached XP level 6. HP: 44/46 MP: 4/13
  2573 | D:4      | Noticed Natasha
  2582 | D:4      | Killed Natasha
  2628 | D:4      | Found a sand-covered staircase.
  2642 | Ossuary  | Entered an ossuary
  2901 | Ossuary  | Noticed Menkaure
  2909 | Ossuary  | Killed Menkaure
  2909 | Ossuary  | Reached skill level 4 in Spellcasting
  3133 | D:4      | Killed Robin
  3185 | D:4      | Learned a level 2 spell: Blink
  3188 | D:4      | Learned a level 2 spell: Repel Missiles
  3317 | D:4      | Noticed Natasha
  3322 | D:4      | Killed Natasha
  3433 | D:4      | Noticed Duvessa
  3434 | D:4      | Noticed Dowan
  3453 | D:4      | Killed Duvessa
  3453 | D:4      | Reached XP level 7. HP: 28/52 MP: 10/17
  3470 | D:4      | Killed Dowan
  3488 | D:5      | Entered Level 5 of the Dungeon
  3757 | D:5      | Found a snail-covered altar of Cheibriados.
  3870 | D:5      | Found a large runed door.
  3870 | D:5      | Found a large runed door.
  3886 | D:5      | Found a large runed door.
  3886 | D:5      | Found a large runed door.
  3927 | D:5      | Identified the Grimoire of Creative Transmutation (You found it on level 5 of the Dungeon)
  4269 | D:5      | Reached skill level 5 in Spellcasting
  4329 | D:5      | Reached XP level 8. HP: 44/58 MP: 16/20
  4469 | D:5      | Found a radiant altar of Vehumet.
  5362 | D:6      | Noticed an ogre
  5385 | D:6      | Killed an ogre
  5566 | D:6      | Found a staircase to the Ecumenical Temple.
  5577 | Temple   | Entered the Ecumenical Temple
  5722 | Temple   | Became a worshipper of Sif Muna the Loreminder
  6271 | D:7      | Found Fugoil's Armour Shop.
  6277 | D:7      | Reached skill level 1 in Summonings
  6326 | D:7      | Reached skill level 6 in Spellcasting
  6326 | D:7      | Reached XP level 9. HP: 42/63 MP: 17/22
  6361 | D:7      | Noticed Eustachio
  6538 | D:7      | Killed Eustachio
  6538 | D:7      | Reached skill level 1 in Charms
  6641 | D:7      | Reached skill level 5 in Conjurations
  6674 | D:7      | Acquired Sif Muna's first power
  6749 | D:7      | Noticed Pikel
  6774 | D:7      | Killed Pikel
  6827 | D:7      | Found a sacrificial altar of Ru.
  6972 | D:7      | Noticed Joseph
  7052 | D:8      | Found a white marble altar of Elyvilon.
  7121 | D:8      | Found a bloodstained altar of Trog.
  7123 | D:8      | Found a bloodstained altar of Trog.
  7137 | D:8      | Noticed a giant orange brain
  7203 | D:8      | Acquired Sif Muna's second power
  7268 | D:8      | Reached skill level 1 in Invocations
  7459 | D:8      | Killed a giant orange brain
  7459 | D:8      | Reached skill level 7 in Spellcasting
  7518 | D:8      | Reached skill level 1 in Translocations
  7530 | D:8      | Found a sparkling altar of Nemelex Xobeh.
  7530 | D:8      | Found an opulent altar of Gozag.
  7801 | D:8      | Reached XP level 10. HP: 51/70 MP: 25/25
  8053 | D:8      | Got a crystal mace
  8054 | D:8      | Identified the +7 mace of Law {pain, rElec rF+ rC+ Str+2} (You found it on level 8 of the Dungeon)
  8273 | D:9      | Noticed Grum
  8281 | D:9      | Killed Grum
  8526 | D:9      | Learned a level 6 spell: Freezing Cloud
  9044 | D:9      | Reached skill level 1 in Ice Magic
  9131 | D:10     | Entered Level 10 of the Dungeon
  9544 | D:10     | Found a roughly hewn altar of Beogh.
  9694 | D:10     | HP: 3/70 [merfolk/spear (17)]
  9857 | D:10     | Noticed a hill giant
  9884 | D:10     | Killed a hill giant
  9884 | D:10     | Acquired Sif Muna's third power
  9884 | D:10     | Reached skill level 5 in Air Magic
  9942 | D:10     | Reached skill level 8 in Spellcasting
 10099 | D:11     | Noticed a five-headed hydra
 10113 | D:11     | Mangled by a five-headed hydra

Action                   |  1- 3 |  4- 6 |  7- 9 | 10-12 || total
-------------------------+-------+-------+-------+-------++-------
Melee: Club              |   124 |       |       |       ||   124
       Unarmed           |     2 |       |       |       ||     2
       Whip              |     1 |       |       |       ||     1
       Mace              |     5 |   248 |   352 |   212 ||   817
 Cast: Magic Dart        |    54 |    39 |    93 |    61 ||   247
       Call Imp          |    12 |    39 |    32 |     8 ||    91
       Mephitic Cloud    |       |    12 |    47 |    28 ||    87
       Conjure Flame     |       |       |    18 |    23 ||    41
       Blink             |       |       |     2 |     2 ||     4
Invok: Channel Energy    |       |       |    12 |    28 ||    40
  Use: Scroll            |       |     1 |     1 |     1 ||     3
 Stab: Confused          |       |     2 |    12 |     7 ||    21
       Distracted        |       |     2 |     1 |       ||     3
       Sleeping          |       |       |     1 |     1 ||     2
